 Dungeon Crawl Stone Soup version 0.32-a0-975-g85d4e5bfdb (webtiles) character file.

Game seed: 11388392978033106935

4838 retardedninja the Cleaver (level 10, 0/138 HPs)
             Began as a Mountain Dwarf Fighter on Apr 18, 2024.
             Was an Elder of Cheibriados.
             Slain by Amaemon
             ... wielding a +1 demon whip of venom
              (4 damage)
             ... on level 8 of the Dungeon.
             The game lasted 00:14:36 (9305 turns).

retardedninja the Cleaver (Mountain Dwarf Fighter)  Turns: 9305, Time: 00:14:37

Health: 0/138      AC: 25    Str: 30    XL:     10   Next: 25%
Magic:  9/11       EV:  2    Int: 20    God:    Cheibriados [****..]
Gold:   359        SH:  6    Dex: 18    Spells: 10/11 levels left

rFire   . . .        a - +0 war axe
rCold   . . .        c - +0 buckler
rNeg    . . .        b - melded +0 plate armour
rPois   +            B - melded +0 helmet
rElec   .            y - melded +0 cloak
rCorr   .            q - melded +0 pair of gloves
SInv    .            (boots currently unavailable)
Will    +....        (no amulet)
Stlth   ++           o - ring of wizardry
HPRegen 0.43/turn    A - ring of wizardry
MPRegen 0.12/turn

%: wizardry (x2)
@: lethally poisoned (0 -> -39), tree-form, slowed, very slow
A: stationary, stasis, torment immunity, boosted hp, runic magic, artefact
enchanting
a: Renounce Religion, Bend Time, Temporal Distortion, Slouch


You were on level 8 of the Dungeon.
You worshipped Cheibriados.
Cheibriados was greatly pleased with you.
You were a tree.
You visited 2 branches of the dungeon, and saw 9 of its levels.

You collected 359 gold pieces.

Inventory:

Hand Weapons
 a - a +0 war axe (weapon)
Missiles
 v - 7 javelins
Armour
 b - a +0 plate armour (melded)
 c - a +0 buckler (worn)
 l - a +0 pair of boots
 q - a +0 pair of gloves (melded)
 y - a +0 cloak (melded)
 B - a +0 helmet (melded)
Jewellery
 o - a ring of wizardry (left branch)
 p - a +4 ring of protection
 w - a ring of willpower
 A - a ring of wizardry (right branch)
Wands
 m - a wand of iceblast (13)
 r - a wand of digging (5)
 t - a wand of paralysis (16)
Scrolls
 e - a scroll of teleportation
 h - a scroll of blinking {unknown}
 i - 2 scrolls of poison
 k - a scroll of identify
 n - 2 scrolls of revelation {unknown}
 u - 2 scrolls of immolation {unknown}
 x - a scroll of brand weapon {unknown}
Potions
 d - a potion of attraction
 f - a potion of brilliance
 g - a potion of lignification


   Skills:
 + Level 9.7 Fighting
 + Level 10.2 Axes
 + Level 7.3 Armour
 - Level 7.2 Shields
 * Level 1.3 Spellcasting
 * Level 3.0 Conjurations
 - Level 1.0 Air Magic


You had 10 spell levels left.
You knew the following spells:

 Your Spells              Type           Power      Damage    Failure   Level
a - Shock                 Conj/Air       36%        1d5       2%          1

Your spell library contained the following spells:

 Spells                   Type           Power      Damage    Failure   Level
 Hailstorm                Conj/Ice       7%         3d5       9%          3
 Swiftness                Air            5%         N/A       11%         3
 Summon Ice Beast         Ice/Summ       1%         N/A       16%         3
 Airstrike                Air            2%         2d(1-17)  30%         4
 Permafrost Eruption      Ice/Erth       0%         2x4d1     99%         6
 Sculpt Simulacrum        Ice/Alch       0%         N/A       99%         6


Dungeon Overview and Level Annotations

Branches:
Dungeon (8/15)             Temple (1/1) D:5            Lair (0/5) D:8

Altars:
Ashenzari
Cheibriados
Dithmenos
Elyvilon
Fedhas
Gozag
Hepliaklqana
Kikubaaqudgha
Makhleb
Okawaru
Qazlal
Ru
Sif Muna
Trog
Uskayaw
Vehumet
Wu Jian
Xom
Yredelemnul
Zin
The Shining One

Shops:
D:5 *

Annotations:
D:4 1 runed translucent door, trashops's ghost, amateur GnRe
D:8 Amaemon


Innate Abilities, Weirdness & Mutations

You are a tree.
Your roots penetrate the ground, keeping you stationary.
You cannot be teleported.
You are immune to unholy pain and torment.
Your maximum health is greatly increased.
Your equipment is partially melded.
Your spellcasting is much less encumbered by armour.
You can use scrolls of enchantment on lesser artefacts.


Message History

Okay, then.
Okay, then.
You turn into a tree.
Your +0 cloak melds into your body.
Your +0 helmet melds into your body.
Your +0 pair of gloves melds into your body.
Your +0 plate armour melds into your body.
Your roots penetrate the ground.
You feel strangely stable.
* * * LOW HITPOINT WARNING * * *
You feel extremely sick.
The scorpion stings you but does no damage.
Amaemon hits you but does no damage.
You are more poisoned.
Amaemon claws you but does no damage.
Amaemon tail-slaps you but does no damage.
The orange demon stings you but does no damage.
The scorpion stings you but does no damage.
You slice Amaemon!!
Amaemon is severely wounded.
You slash the scorpion!
* * * LOW HITPOINT WARNING * * *
You feel extremely sick.
The orange demon stings you but does no damage.
Amaemon hits you but does no damage. Amaemon barely misses you.
You block Amaemon's attack.
The scorpion stings you but does no damage.
Amaemon's eyes glow red.
Amaemon hits you but does no damage.
You are more poisoned.
Amaemon claws you but does no damage.
Amaemon tail-slaps you but does no damage.
You block the orange demon's attack.
You miss Amaemon.
Amaemon is severely wounded.
You hit the scorpion.
* * * LOW HITPOINT WARNING * * *
You feel extremely sick. You block the scorpion's attack.
The scorpion barely misses you. You block Amaemon's attack. Amaemon claws you.
You die...
Cheibriados appreciates the motionlessness of death.

...........[.........
######.##.##........
#(#....###..#.#
#..##.#....)..#
#.####...#)####
#..###.##.#.#.#
#...####)##..##
#..###+###.###...)....#.
#...s46♣s..#..#)...####.
##.#s###.##.##.#..####.#
#...#..#.#.......
..#####.#.##.###. #.#.
#..#....... #. #
#...###.##. .. ### .
.... ## '### .. #


You could see Amaemon, an orange demon (curare) and 3 scorpions.

Vanquished Creatures
  Sigmund (D:5)
  A wyvern (D:8)
  A yak (D:8)
  Menkaure (D:7)
  A steam dragon (D:7)
  Edmund (D:5)
  An orc warrior (D:8)
  6 ice beasts
  3 sky beasts
  2 black bears (D:7)
  5 ogres
  4 centaurs
  A phantom (D:6)
  2 kobold brigands
  A weeping skull (D:3)
  2 bullfrogs (D:7)
  A gnoll sergeant (D:8)
  3 scorpions
  5 wights (D:7)
  3 bombardier beetles
  A gnoll bouda (D:4)
  An orc priest (D:8)
  A hound (D:4)
  3 jellies
  2 orc wizards
  4 iguanas
  2 sleepcaps (D:5)
  9 adders
  2 white imps
  A ribbon worm (D:3)
  4 dart slugs
  27 orcs
  14 ball pythons
  7 endoplasms
  4 giant cockroaches
  7 goblins
  12 hobgoblins
  6 jackals
  8 kobolds
  7 quokkas
  3 bats
  A frilled lizard (D:3)
  5 rats
  A spectral orc (D:3)
177 creatures vanquished.

Vanquished Creatures (collateral kills)
  An elephant (D:7)
  A yak (D:7)
  A black bear (D:7)
3 creatures vanquished.

Grand Total: 180 creatures vanquished

Notes
Turn   | Place    | Note
-------+----------+-------------------------------------------
     0 | D:1      | retardedninja the Mountain Dwarf Fighter began the quest
                  | for the Orb.
     0 | D:1      | Reached XP level 1. HP: 19/19 MP: 1/1
   112 | D:1      | Reached XP level 2. HP: 26/26 MP: 2/2
   323 | D:1      | Reached skill level 3 in Axes
   834 | D:2      | Reached XP level 3. HP: 28/33 MP: 3/3
  1587 | D:3      | Reached XP level 4. HP: 40/40 MP: 4/4
  1622 | D:3      | Found a white marble altar of Elyvilon.
  1702 | D:3      | Found a basalt altar of Yredelemnul.
  1702 | D:3      | Noticed a weeping skull
  1721 | D:3      | Killed a weeping skull
  1722 | D:3      | Reached skill level 4 in Axes
  1795 | D:3      | Noticed a scorpion
  1804 | D:3      | Reached XP level 5. HP: 39/47 MP: 5/5
  2326 | D:3      | Noticed an ogre
  2349 | D:3      | Killed an ogre
  2350 | D:3      | Reached skill level 5 in Fighting
  2350 | D:3      | Reached skill level 5 in Axes
  2350 | D:3      | Reached XP level 6. HP: 56/56 MP: 6/6
  2833 | D:4      | You fall into a shaft and drop 1 floor!
  2833 | D:5      | Entered Level 5 of the Dungeon
  2859 | D:5      | Found a staircase to the Ecumenical Temple.
  2921 | Temple   | Entered the Ecumenical Temple
  2936 | Temple   | Became a worshipper of Cheibriados the Contemplative
  2988 | D:5      | Found Wuemum's Assorted Antiques.
  3298 | D:4      | Found a runed translucent door.
  3324 | D:4      | Reached XP level 7. HP: 43/62 MP: 7/7
  3333 | D:4      | Noticed trashops's ghost (amateur GnRe)
  3541 | D:4      | Reached * piety under Cheibriados
  3664 | D:4      | Reached skill level 6 in Axes
  4455 | D:5      | Reached skill level 5 in Shields
  4625 | D:5      | Noticed Sigmund
  4640 | D:5      | Killed Sigmund
  4641 | D:5      | Reached skill level 5 in Armour
  4664 | D:5      | Noticed Edmund
  4665 | D:5      | Reached ** piety under Cheibriados
  4681 | D:5      | Killed Edmund
  4682 | D:5      | Reached skill level 7 in Axes
  4682 | D:5      | Reached XP level 8. HP: 39/71 MP: 8/8
  5313 | D:5      | Found a glowing golden altar of the Shining One.
  5346 | D:5      | Found a blossoming altar of Fedhas.
  5348 | D:5      | Found a sacrificial altar of Ru.
  5352 | D:5      | Found an opulent altar of Gozag.
  6010 | D:6      | Reached skill level 8 in Axes
  6344 | D:6      | Reached *** piety under Cheibriados
  6454 | D:6      | Found a burning altar of Makhleb.
  6500 | D:6      | Reached XP level 9. HP: 77/81 MP: 9/9
  6504 | D:6      | Identified the +0 scale mail of Inference {rF- Int+8}
  6695 | D:6      | Learned a level 1 spell: Shock
  6981 | D:7      | Reached skill level 9 in Axes
  7401 | D:7      | Noticed Menkaure
  7414 | D:7      | Killed Menkaure
  7415 | D:7      | Reached skill level 1 in Conjurations
  8246 | D:8      | Noticed an elephant
  8246 | D:8      | Found a staircase to the Lair.
  8430 | D:7      | Reached skill level 10 in Axes
  8431 | D:7      | Killed an elephant
  8432 | D:7      | Reached XP level 10. HP: 66/91 MP: 10/10
  8530 | D:8      | Reached skill level 1 in Air Magic
  8584 | D:8      | Reached **** piety under Cheibriados
  8934 | D:8      | Noticed a two-headed ogre
  8946 | D:8      | Reached skill level 1 in Spellcasting
  9283 | D:8      | Noticed Amaemon
  9284 | D:8      | Noticed an orange demon
  9305 | D:8      | HP: 4/138 [poisoned by Amaemon]
  9305 | D:8      | Slain by Amaemon

Illustrated notes

Levels and vault maps discovered:
D:1:      dpeg_arrival_shelter, layout_basic
D:2:      layout_loops_cross, kennysheep_generic_room_8
D:3:      minmay_chambers_of_twos, layout_basic, nicolae_elyvilon_temple_path,
          yredelemnul_forgotten_temple_becter
D:4:      layout_gridville, serial_glass, glass_columns_a, glass_columns_a,
          glass_columns_c, glass_columns_b, ebering_ghost_sewer_d,
          minmay_joined_circles
D:5:      layout_basic, minitemple, temple_statues, nicolae_stop_n_shop_1,
          amcnicky_mini_pool_medium, uniq_edmund, uniq_sigmund
D:6:      layout_basic, mainiacjoe_overflow_six_doors_small,
          grunt_ministairs_15, kennysheep_flooded_box
D:7:      layout_gridville, grunt_ministairs_6, uniq_menkaure
D:8:      layout_loops_ring, david_lair_generic, minmay_shattered_shrine,
          uniq_amaemon
Temple:   eino_narrow_crystal_temple

Skill      XL: |  1  2  3  4  5  6  7  8  9 10 |
---------------+-------------------------------+-----
Axes           | 3 4 5 7 8 10 | 10.2
Fighting       | 4 5 6 8 9 |  9.7
Armour         | 4 5 6 7 |  7.3
Shields        | 4 5 6 7 |  7.2
Conjurations   | 2 3 |  3.0
Air Magic      | 1 |  1.0
Spellcasting   | 1 |  1.3

Action                     |  1- 3 |  4- 6 |  7- 9 | 10-12 || total
---------------------------+-------+-------+-------+-------++-------
  Melee: War axe           |   106 |   142 |   285 |    75 ||   608
  Throw: Javelin           |       |       |    45 |       ||    45
   Cast: Shock             |       |       |    52 |    16 ||    68
    Use: Potion            |       |     3 |     2 |     6 ||    11
         Scroll            |       |     3 |     9 |     2 ||    14
   Stab: Distracted        |       |       |     1 |       ||     1
 Armour: Scale mail        |   112 |       |       |       ||   112
         Chain mail        |    14 |   132 |   349 |    18 ||   513
         Skin              |       |     3 |       |    13 ||    16
         Plate armour      |       |       |       |    82 ||    82
  Dodge: Dodged            |    42 |    39 |   112 |    30 ||   223
  Block: Buckler           |    20 |    37 |    94 |    37 ||   188

Table legend: (Time is in decaauts)
 A = Elapsed time spent in this place.
 B = Non-inter-level travel time spent in this place.
 C = Inter-level travel time spent in this place.
 D = Time resting spent in this place.
 E = Time spent auto-exploring this place.
 F = Levels seen in this place.
 G = Mean time per level.
                   A        B        C        D        E       F      G
               +--------+--------+--------+--------+--------+-----+--------+
         Total |  10983 |  10366 |    617 |   1045 |   7529 |   9 | 1220.3 |
       Dungeon |  10949 |  10364 |    585 |   1045 |   7529 |   8 | 1368.6 |
        Temple |     34 |      3 |     31 |      0 |      0 |   1 |   34.0 |
               +--------+--------+--------+--------+--------+-----+--------+

Top non-repeatable levels by time:
     D:5: 2213 daAuts
     D:7: 2075 daAuts
     D:4: 1777 daAuts
     D:3: 1334 daAuts
     D:6: 1151 daAuts
     D:8: 867 daAuts
     D:1: 795 daAuts
     D:2: 733 daAuts
  Temple: 34 daAuts
